 Dungeon Crawl Stone Soup version 0.31-a0-1001-g770356a28f (webtiles) character file.

Game seed: 8041002809546525551

1465 Maratek the Skirmisher (level 8, 0/54 HPs)
             Began as an Octopode Hunter on Nov 8, 2023.
             Slain by a black bear (3 damage)
             ... on level 6 of the Dungeon.
             The game lasted 00:06:25 (4595 turns).

Maratek the Skirmisher (Octopode Hunter)            Turns: 4595, Time: 00:06:26

Health: 0/54       AC:  1    Str: 14    XL:     8   Next: 77%
Magic:  8/8        EV: 15    Int: 11    God:
Gold:   225        SH:  0    Dex: 23    Spells: 7/7 levels left

rFire   . . .        e - +0 orcbow (flame)
rCold   + . .        (shield currently unavailable)
rNeg    . . .        (helmet restricted)
rPois   +            (no amulet)
rElec   .            a - ring of see invisible
rCorr   .            i - +6 ring of dexterity
SInv    +            o - ring of wizardry
Will    .....        q - ring "Disuwiask" {rPois rC+ Str+3}
Stlth   ++++         (no ring)
HPRegen 0.29/turn    (no ring)
MPRegen 0.11/turn    (no ring)
                     (no ring)

%: wizardry (x1)
@: hasted, very quick
A: almost no armour, amphibious, 8 rings, camouflage 1, gelatinous body 1,
(nimble swimmer 1), tentacles
a: no special abilities


You were on level 6 of the Dungeon.
You visited 1 branch of the dungeon, and saw 6 of its levels.

You collected 225 gold pieces.

Inventory:

Hand Weapons
 e - a +0 orcbow of flaming (weapon)
 h - a +0 orcbow
Missiles
 r - 2 throwing nets
Jewellery
 a - a ring of see invisible (left tentacle)
 i - a +6 ring of dexterity (right tentacle)
 o - a ring of wizardry (on tentacle)
 q - the ring "Disuwiask" (on tentacle) {rPois rC+ Str+3}
   (You acquired it on level 5 of the Dungeon)

   [ring of protection from cold]

   Str+3:     It affects your strength (+3).
   rC+:       It protects you from cold.
   rPois:     It protects you from poison
Wands
 l - a wand of polymorph (5)
Scrolls
 b - a scroll of butterflies
 g - a scroll of revelation
 j - 2 scrolls of teleportation
 m - 2 scrolls of enchant armour
 s - a scroll of poison
 t - a scroll of amnesia
 v - a scroll of identify
 w - a scroll of torment {unknown}
Potions
 c - 3 potions of haste
 d - 2 potions of brilliance
 f - 3 potions of enlightenment
 k - a potion of curing {unknown}
 n - a potion of might {unknown}
 p - a potion of magic {unknown}
 u - a potion of degeneration {unknown}


   Skills:
 + Level 4.9 Fighting
 + Level 9.9 Ranged Weapons
 + Level 2.9 Dodging
 + Level 3.3 Stealth


You had 7 spell levels left.
You didn't know any spells.
Your spell library contained the following spells:

 Spells                   Type           Power      Damage    Failure   Level
 Kiss of Death            Conj/Necr      0%         2d5       14%         1
 Confusing Touch          Hex            0%         N/A       38%         3
 Hailstorm                Conj/Ice       0%         3d3       38%         3
 Tukima's Dance           Hex            0%         N/A       38%         3
 Dispel Undead            Necr           0%         3d6       77%         4
 Passage of Golubria      Tloc           0%         N/A       77%         4
 Summon Ice Beast         Ice/Summ       0%         N/A       77%         4
 Alistair's Intoxication  Tmut/Pois      0%         N/A       98%         5
 Borgnjor's Vile Clutch   Necr/Erth      0%         N/A       98%         5
 Yara's Violent Unravell  Hex/Tmut       0%         3d3       98%         5
 Eringya's Noxious Bog    Tmut/Pois      0%         4d6       100%        6
 Simulacrum               Ice/Necr       0%         N/A       100%        6


Dungeon Overview and Level Annotations

Branches:
Dungeon (6/15)
 Temple: D:4-7

Altars:
Wu Jian


Innate Abilities, Weirdness & Mutations

You cannot wear most types of armour.
You are amphibious.
You can wear up to eight rings at the same time.
Your skin changes colour to match your surroundings (Stealth+).
Your rubbery body absorbs attacks. (AC +1, EV +1)
((You are camouflaged when in or above water. (Stealth+)))
You have tentacles for arms and can constrict up to eight enemies at once.


Message History

You are too injured to fight recklessly!
You are too injured to fight recklessly!
You are too injured to fight recklessly!
You are too injured to fight recklessly!
Fire: e) +0 orcbow (flame)
Press: ? - help, Q - select action, (/) - cycle Shift-Dir - straight line, f/p - black bear
Aim: a black bear (severely wounded, berserk, 71% to hit)
You shoot an arrow.
The arrow closely misses the black bear.
The black bear closely misses you. x2; The black bear claws you.
The black bear bites you!
* * * LOW HITPOINT WARNING * * *
The black bear barely misses you. The black bear closely misses you.
An orc comes into view. It is wielding a +0 mace.
Fire: e) +0 orcbow (flame)
Press: ? - help, Q - select action, (/) - cycle Shift-Dir - straight line, f/p - black bear
Aim: a black bear (severely wounded, berserk, 71% to hit)
You shoot an arrow. The orc shouts!
The arrow hits the black bear but does no damage.
The black bear is severely wounded.
The black bear barely misses you. The black bear claws you.
* * * LOW HITPOINT WARNING * * *
The black bear misses you.
Fire: e) +0 orcbow (flame)
Press: ? - help, Q - select action, (/) - cycle Shift-Dir - straight line, f/p - black bear
Aim: a black bear (severely wounded, berserk, 71% to hit)
You shoot an arrow.
The arrow closely misses the black bear.
The black bear bites you.
* * * LOW HITPOINT WARNING * * *
The black bear misses you. The black bear completely misses you.
An orc priest comes into view. It is wielding a +0 club.
The black bear barely misses you. The black bear misses you.
The black bear barely misses you.
An orc comes into view. It is wielding a +0 mace.
You feel yourself speed up.
A centaur comes into view. It is carrying a wand of charming.
The black bear closely misses you. x2; The black bear claws you.
You die...

.....
.........##.#.........
............#.#.........
...##.............#.....
o...........#...###.....
.c.........###...#..#.##
###o.##....###..##....##
.o....o....##......#....
#....h.....##.##..##...
#...##@...##..##......#
#.....).......###...#..#
............#.#.....#..#
................##....##
...........[#.#...##.##
..?..###....#......###
...#. ###....#...##
#..#. .....##### ....###


You could see a black bear (berserk), a centaur (wandering), 2 orc priests and 2
orcs.

Vanquished Creatures
  Grinder (D:3)
  Sigmund (D:2)
  2 ice beasts
  A black bear (D:6)
  2 phantoms
  Blork the orc (D:4)
  A scorpion (D:5)
  3 hounds
  An orc priest (D:3)
  2 jellies
  A gnoll bouda (D:5)
  Ijyb (D:3)
  2 iguanas (D:5)
  2 orc wizards
  5 gnolls (D:5)
  7 adders
  2 ufetubi (D:6)
  2 dart slugs
  2 worms
  18 orcs
  12 ball pythons
  4 endoplasms
  2 giant cockroaches (D:4)
  11 goblins
  8 hobgoblins
  6 jackals
  6 kobolds
  4 quokkas
  A bat (D:2)
  3 frilled lizards
  2 rats
116 creatures vanquished.

Notes
Turn   | Place    | Note
-------+----------+-------------------------------------------
     0 | D:1      | Maratek the Octopode Hunter began the quest for the Orb.
     0 | D:1      | Reached XP level 1. HP: 14/14 MP: 1/1
   326 | D:1      | Reached XP level 2. HP: 19/19 MP: 2/2
   969 | D:2      | Reached XP level 3. HP: 24/24 MP: 3/3
  1036 | D:2      | Noticed Sigmund
  1049 | D:2      | Killed Sigmund
  1050 | D:2      | Reached skill level 6 in Ranged Weapons
  1050 | D:2      | Reached XP level 4. HP: 11/30 MP: 4/4
  1050 | D:2      | Reached XP level 5. HP: 13/35 MP: 5/5
  1427 | D:3      | Noticed Grinder
  1436 | D:3      | Killed Grinder
  1437 | D:3      | Reached skill level 7 in Ranged Weapons
  1437 | D:3      | Reached XP level 6. HP: 11/42 MP: 6/6
  1959 | D:3      | Reached XP level 7. HP: 46/46 MP: 7/7
  2253 | D:3      | Noticed Ijyb
  2270 | D:3      | Killed Ijyb
  2919 | D:4      | Noticed Blork the orc
  2927 | D:4      | Killed Blork the orc
  2996 | D:4      | Found an ornate altar of the Wu Jian Council.
  3303 | D:4      | Reached skill level 8 in Ranged Weapons
  3541 | D:5      | Entered Level 5 of the Dungeon
  3633 | D:5      | HP: 2/47 [phantom (6)]
  3843 | D:5      | Reached XP level 8. HP: 54/54 MP: 8/8
  3994 | D:5      | Reached skill level 9 in Ranged Weapons
  4250 | D:5      | Identified a scroll of acquirement
  4250 | D:5      | Acquired the ring "Disuwiask" {rPois rC+ Str+3}
  4595 | D:6      | Slain by a black bear

Illustrated notes

Levels and vault maps discovered:
D:1:      giann_wishing_wells, layout_basic
D:2:      layout_rooms, uniq_sigmund
D:3:      kennysheep_goblin_castle, layout_basic, serial_rivers,
          chequers_serial_rivers_small_b, chequers_serial_rivers_room_a,
          chequers_serial_rivers_small_a, chequers_serial_rivers_large_a,
          chequers_serial_rivers_micro_b, chequers_serial_rivers_room_b,
          uniq_grinder
D:4:      layout_basic, nzn_wu_jian_contemplation, grunt_decor_fettered,
          uniq_ijyb, uniq_blork_the_orc
D:5:      layout_cave_pools, chequers_mini_garden
D:6:      layout_cave_pools, serial_column_ruins, column_ruins_hut_ruined,
          column_ruins_hut_ruined, column_ruins_open_small,
          column_ruins_open_tiny, column_ruins_grid_1,
          column_ruins_columns_dead_end

Skill      XL: |  1  2  3  4  5  6  7  8 |
---------------+-------------------------+-----
Ranged Weapons | 6 7 8 9 |  9.9
Stealth        | 2 3 |  3.3
Fighting       | 3 4 |  4.9
Dodging        | |  2.9

Action                     |  1- 3 |  4- 6 |  7- 9 || total
---------------------------+-------+-------+-------++-------
   Fire: Shortbow          |    10 |       |       ||    10
         Orcbow            |    42 |    55 |   243 ||   340
    Use: Scroll            |     3 |     1 |    11 ||    15
         Potion            |       |       |     2 ||     2
 Armour: Skin              |    10 |     6 |    61 ||    77
  Dodge: Dodged            |     3 |     7 |    70 ||    80

Table legend: (Time is in decaauts)
 A = Elapsed time spent in this place.
 B = Non-inter-level travel time spent in this place.
 C = Inter-level travel time spent in this place.
 D = Time resting spent in this place.
 E = Time spent auto-exploring this place.
 F = Levels seen in this place.
 G = Mean time per level.
                   A        B        C        D        E       F      G
               +--------+--------+--------+--------+--------+-----+--------+
         Total |   4621 |   4502 |    119 |    366 |   3502 |   6 |  770.2 |
       Dungeon |   4621 |   4502 |    119 |    366 |   3502 |   6 |  770.2 |
               +--------+--------+--------+--------+--------+-----+--------+

Top non-repeatable levels by time:
     D:3: 1267 daAuts
     D:4: 1123 daAuts
     D:1: 872 daAuts
     D:5: 644 daAuts
     D:2: 487 daAuts
     D:6: 226 daAuts
